 Dungeon Crawl Stone Soup version 0.28.0-53-g5a82cb258f (webtiles) character file.

Game seed: 4456983772177511835

24236 Diggabert the Basher (level 13, -1/102 HPs)
             Began as a Formicid Abyssal Knight on June 29, 2022.
             Was a High Priest of Lugonu.
             Slain by Rupert
             ... wielding a +2 battleaxe of flaming
              (3 damage)
             ... on level 3 of the Lair of Beasts.
             The game lasted 00:48:42 (26087 turns).

Diggabert the Basher (Formicid Abyssal Knight)     Turns: 26087, Time: 00:48:42

Health: -1/102     AC: 26    Str: 21    XL:     13   Next: 41%
Magic:  29/29      EV:  6    Int: 12    God:    Lugonu [*****.]
Gold:   635        SH: 15    Dex: 11    Spells: 12/12 levels left

rFire   . . .      SeeInvis +   C - +1 great mace (protect)
rCold   . . .      Faith    .   G - +0 tower shield
rNeg    . . .      Spirit   .   k - +3 chain mail
rPois   .          Reflect  .   (helmet unavailable)
rElec   .          Harm     .   z - +0 cloak
rCorr   +          Rampage  .   w - +0 pair of gloves
Will    +....                   F - +0 pair of boots
Stlth   ..........              n - amulet of the acrobat
HPRegen 0.27/turn               y - ring of magical power
MPRegen 0.21/turn               H - ring of resist corrosion

@: under a protective aura
A: permanent stasis, dig shafts and tunnels, antennae 3, four strong arms
a: Dig, Shaft Self, Renounce Religion, Depart the Abyss, Bend Space, Banish,
Corrupt, Enter the Abyss


You were on level 3 of the Lair of Beasts.
You worshipped Lugonu.
Lugonu was extremely pleased with you.
You visited 3 branches of the dungeon, and saw 15 of its levels.
You visited the Abyss 1 time.

You collected 1311 gold pieces.
You spent 676 gold pieces at shops.

Inventory:

Hand Weapons
 l - a +0 dire flail of venom
 B - the +5 scythe "Finisher" {speed, eviscerate}
   (You found it on level 7 of the Dungeon)

   Attacks with this weapon are significantly faster.
   It may eviscerate those it strikes, slaying them instantly, with a decreasing
   chance against stronger foes.
 C - a +1 great mace of protection (weapon)
Missiles
 f - 5 throwing nets (quivered)
Armour
 b - a +0 plate armour
 k - a +3 chain mail (worn)
 w - a +0 pair of gloves (worn)
 z - a +0 cloak (worn)
 F - a +0 pair of boots (worn)
 G - a +0 tower shield (worn)
Jewellery
 n - an amulet of the acrobat (around neck)
 y - a ring of magical power (left hand)
 E - a ring of ice
 H - a ring of resist corrosion (right hand)
Wands
 t - a wand of polymorph (15)
 x - a wand of iceblast (48)
 K - a wand of digging (1)
Scrolls
 c - a scroll of vulnerability
 h - a scroll of enchant armour {unknown}
 i - 4 scrolls of noise
 j - a scroll of fear
 m - a scroll of torment
 o - 2 scrolls of holy word
 p - 4 scrolls of amnesia
 r - 3 scrolls of summoning
 u - 2 scrolls of fog
 v - 3 scrolls of magic mapping {unknown}
 I - 2 scrolls of immolation {unknown}
Potions
 a - 3 potions of attraction
 d - 2 potions of curing
 e - a potion of lignification
 g - 3 potions of might
 q - a potion of flight
 s - a potion of resistance
 A - 2 potions of cancellation
 D - 2 potions of mutation
 J - a potion of invisibility {unknown}


   Skills:
 * Level 9.7 Fighting
 * Level 13.4 Maces & Flails
 * Level 11.6 Armour
 - Level 0.8 Dodging
 * Level 10.0 Shields
 * Level 9.3 Invocations


You had 12 spell levels left.
You didn't know any spells.
Your spell library contained the following spells:

 Spells                   Type           Power      Damage    Failure   Level
 Magic Dart               Conj           0%         1d3       100%        1
 Summon Small Mammal      Summ           0%         N/A       100%        1
 Corpse Rot               Necr/Air       0%         N/A       100%        2
 Ensorcelled Hibernation  Hex/Ice        0%         N/A       100%        2
 Passwall                 Tmut/Erth      0%         N/A       100%        2
 Poisonous Vapours        Pois/Air       0%         N/A       100%        2
 Searing Ray              Conj           0%         2d4       100%        2
 Call Canine Familiar     Summ           0%         N/A       100%        3
 Lesser Beckoning         Tloc           0%         N/A       100%        3
 Portal Projectile        Hex/Tloc       0%         N/A       100%        3
 Summon Guardian Golem    Hex/Summ       0%         N/A       100%        3
 Tukima's Dance           Hex            0%         N/A       100%        3
 Anguish                  Hex/Necr       0%         N/A       100%        4
 Fulminant Prism          Conj/Hex       0%         3d6       100%        4
 Leda's Liquefaction      Hex/Erth       0%         N/A       100%        4
 Summon Forest            Summ/Tloc      0%         N/A       100%        5
 Simulacrum               Ice/Necr       0%         N/A       100%        6
 Enfeeble                 Hex            0%         N/A       100%        7
 Swiftness                Air            Unusable   N/A       N/A         3

Dungeon Overview and Level Annotations

Branches:
Dungeon (11/15)            Temple (1/1) D:7            Lair (3/6) D:9
    Orc (0/2) D:11
  Swamp: Lair:2-4    Shoals: Lair:2-4     Snake: Lair:2-4    Spider: Lair:2-4

Altars:
Kikubaaqudgha
Okawaru
Trog
Wu Jian
Beogh

Shops:
D:2 ?*?:   D:6 =*   D:8 ?   D:10 *

Annotations:
Lair:3 Rupert


Innate Abilities, Weirdness & Mutations

You cannot be hasted, slowed, berserked, paralysed or teleported.
You can dig through walls and to a lower floor.
You have a pair of large antennae on your head. (SInv)
Your four strong arms can wield two-handed weapons with a shield.


Message History

Rupert struggles against the net. x2
Rupert struggles against the net.
You bludgeon Rupert!!
Your weapon exudes an aura of protection.
Rupert is lightly wounded.
Rupert struggles against the net.
The net rips apart, and Rupert comes free!
You block Rupert's attack.
You hit Rupert.
Rupert is lightly wounded.
You block Rupert's attack. x2
You sock Rupert!
Rupert is moderately wounded.
Rupert barely misses you. You block Rupert's attack. Rupert barely misses you.
You sock Rupert!
Rupert is moderately wounded.
Rupert hits you with a +2 battleaxe of flaming!
Rupert burns you. You block Rupert's attack.
You hit Rupert.
Rupert is moderately wounded.
You block Rupert's attack.
Rupert hits you with a +2 battleaxe of flaming!!
Rupert burns you.
You sock Rupert!
Rupert is moderately wounded.
You block Rupert's attack.
You hit Rupert.
Rupert is moderately wounded.
Rupert hits you with a +2 battleaxe of flaming!
Rupert burns you. You block Rupert's attack.
You closely miss Rupert.
Rupert is moderately wounded.
Rupert hits you with a +2 battleaxe of flaming!!
* * * LOW HITPOINT WARNING * * *
Rupert burns you!
* * * LOW HITPOINT WARNING * * *
Rupert hits you with a +2 battleaxe of flaming!
* * * LOW HITPOINT WARNING * * *
Rupert burns you.
You die...

#.#... #.. ##..####### #.
##.......#.### ### #.
##.##.........###.# # .
#######.##.............### #
.####....#...#P..............####
..........###....................
.....@....# ###@.................
.........## ##@<...............
........## #..................
####.>..# #..................
##..## ###................ #..##
##............... .....#
##............... .......
#.#.............. .PP.... {
####............. ###.....
##...........#


You could see Rupert (berserk).

Vanquished Creatures
  A boulder beetle (D:11)
  Harold (Lair:2)
  2 hydras (Lair:2)
  A two-headed ogre (D:10)
  A skeletal warrior (D:7)
  Pikel (D:6)
  An ugly thing (D:7)
  A manticore (D:10)
  Maurice (D:9)
  A black mamba (Lair:2)
  Joseph (D:10)
  4 cane toads
  An unseen horror (D:11)
  Maggie (D:10)
  A yaktaur (D:10)
  2 komodo dragons
  A troll (D:9)
  A hornet (D:9)
  8 blink frogs
  2 slime creatures (D:7)
  Sigmund (D:3)
  A water elemental (D:11)
  4 wraiths
  15 yaks
  5 wyverns (D:9)
  Grum (D:6)
  2 steam dragons
  11 vampire mosquitoes
  An acid dragon (D:9)
  Duvessa (D:7)
  6 water moccasins
  An orc warrior (D:9)
  5 sky beasts
  A black bear (Lair:2)
  2 hornet zombies
  3 ogres
  A swamp drake (Lair:1)
  4 necrophages
  2 wolves (D:6)
  4 centaurs
  7 kobold brigands
  2 lemures (D:6)
  10 bullfrogs
  3 gnoll sergeants
  A wyvern zombie (D:8)
  4 scorpions
  2 water moccasin zombies (D:5)
  Dowan (D:7)
  2 water moccasin skeletons
  5 killer bees (D:7)
  5 wights
  6 electric eels (D:11)
  3 howler monkeys
  A crimson imp (D:5)
  A bullfrog zombie (D:7)
  6 centaur zombies
  7 orc priests
  9 hounds
  8 jellies
  A gnoll shaman (D:5)
  Crazy Yiuf (D:6)
  A bullfrog skeleton (D:6)
  Ijyb (D:2)
  Natasha (thrice) (D:2)
  2 iguanas
  14 orc wizards
  5 adders
  14 gnolls
  A howler monkey skeleton (D:6)
  2 shadow imps
  A white imp (D:5)
  2 dart slugs (D:1)
  51 orcs
  2 ball pythons
  7 bats
  10 endoplasms
  7 goblins
  6 hobgoblins
  4 jackals
  6 quokkas
  2 frilled lizards
  8 kobolds
  6 rats
344 creatures vanquished.

Vanquished Creatures (others)
  5 fungi
  5 plants
  12 toadstools (D:8)
22 creatures vanquished.

Grand Total: 366 creatures vanquished

Notes
Turn   | Place    | Note
-------+----------+-------------------------------------------
     0 | Abyss:1  | Diggabert the Formicid Abyssal Knight began the quest for
                  | the Orb.
     0 | Abyss:1  | Reached XP level 1. HP: 18/18 MP: 2/2
    17 | Abyss:1  | Found a corrupted altar of Lugonu.
    48 | Abyss:1  | Noticed a cacodemon
    49 | D:1      | Escaped the Abyss
   344 | D:1      | Reached * piety under Lugonu
   513 | D:1      | Reached XP level 2. HP: 24/24 MP: 3/3
  1015 | D:2      | Reached XP level 3. HP: 30/30 MP: 4/4
  1027 | D:2      | Found Itikuac's Magic Scroll Emporium.
  1086 | D:2      | Found Enwim's Magic Scroll Emporium.
  1120 | D:2      | Got the Papyrus of the Congealing Voyage
  1166 | D:2      | Found Tulloss's Book Shoppe.
  1279 | D:2      | Found Ysaxu's Assorted Antiques.
  1343 | D:2      | Noticed Natasha
  1381 | D:2      | Noticed a golden eye
  1407 | D:2      | Noticed an eye of devastation
  1411 | D:2      | Noticed a shining eye
  1413 | D:2      | Found a faded altar of an unknown god.
  1415 | D:2      | Noticed a golden eye
  1551 | D:2      | Killed Natasha
  1552 | D:2      | Reached skill level 3 in Maces & Flails
  1552 | D:2      | Reached XP level 4. HP: 28/37 MP: 5/5
  1562 | D:2      | Noticed Natasha
  1570 | D:2      | Killed Natasha
  1591 | D:2      | Noticed Natasha
  1598 | D:2      | Killed Natasha
  1599 | D:2      | Reached XP level 5. HP: 10/42 MP: 7/7
  1846 | D:3      | Noticed Sigmund
  1877 | D:3      | Noticed Ijyb
  1991 | D:2      | HP: 1/63 [Ijyb/+0 dagger of venom (3)]
  2000 | D:2      | Killed Ijyb
  2242 | D:3      | Killed Sigmund
  2243 | D:3      | Reached skill level 4 in Maces & Flails
  2243 | D:3      | Reached XP level 6. HP: 8/48 MP: 8/8
  2757 | D:3      | Reached XP level 7. HP: 27/55 MP: 9/9
  3086 | D:3      | Reached ** piety under Lugonu
  3238 | D:3      | You fall into a shaft and drop 1 floor!
  3354 | D:4      | Reached skill level 5 in Maces & Flails
  3649 | D:4      | Reached skill level 5 in Armour
  4106 | D:4      | Found an ornate altar of the Wu Jian Council.
  5465 | D:5      | Entered Level 5 of the Dungeon
  5484 | D:4      | Reached XP level 8. HP: 29/61 MP: 10/10
  6017 | D:5      | Reached skill level 6 in Maces & Flails
  6199 | D:4      | Reached skill level 5 in Fighting
  6199 | D:4      | Reached skill level 1 in Shields
  6765 | D:5      | HP: 1/62 [ogre/+0 giant club (16)]
  8304 | D:6      | Reached XP level 9. HP: 39/68 MP: 12/12
  8517 | D:6      | Found a runed translucent door.
  8518 | D:6      | Noticed Crazy Yiuf
  8604 | D:6      | Found Voar's General Store.
  8822 | D:6      | Reached skill level 7 in Maces & Flails
  8996 | D:6      | Reached skill level 5 in Invocations
  9129 | D:5      | Reached *** piety under Lugonu
  9684 | D:6      | Found Alohia's Jewellery Shop.
 10538 | D:6      | Noticed Grum
 10547 | D:6      | Killed Grum
 10548 | D:6      | Reached skill level 8 in Maces & Flails
 10916 | D:6      | Killed Crazy Yiuf
 11094 | D:7      | Noticed Pikel
 11226 | D:6      | Killed Pikel
 11227 | D:6      | Reached XP level 10. HP: 12/77 MP: 14/14
 11730 | D:7      | Found the +5 scythe "Finisher" {speed, eviscerate}
 11741 | D:7      | Reached skill level 5 in Shields
 11742 | D:7      | Noticed a skeletal warrior
 11756 | D:7      | Killed a skeletal warrior
 11757 | D:7      | Reached skill level 9 in Maces & Flails
 12123 | D:7      | Noticed Dowan
 12124 | D:7      | Noticed Duvessa
 12138 | D:7      | Killed Dowan
 12147 | D:7      | Killed Duvessa
 12675 | D:7      | Found a bloodstained altar of Trog.
 12805 | D:7      | Found a staircase to the Ecumenical Temple.
 12844 | Temple   | Entered the Ecumenical Temple
 12883 | D:8      | Noticed a cyan ugly thing
 13208 | D:7      | Killed a cyan ugly thing
 13209 | D:7      | Reached XP level 11. HP: 47/84 MP: 16/16
 13550 | D:8      | Reached **** piety under Lugonu
 13617 | D:8      | Reached skill level 10 in Maces & Flails
 13897 | D:8      | Found Otietuuj's Magic Scroll Shop.
 15910 | D:9      | Noticed Maurice
 15930 | D:9      | Killed Maurice
 16536 | D:10     | Entered Level 10 of the Dungeon
 17522 | D:9      | Reached skill level 11 in Maces & Flails
 17522 | D:9      | HP: 3/86 [wyvern (6)]
 17880 | D:9      | Found a staircase to the Lair.
 18280 | D:10     | Reached skill level 10 in Armour
 18504 | D:10     | Reached XP level 12. HP: 84/94 MP: 17/17
 18728 | D:10     | Found Daelee's General Store.
 18974 | D:8      | Bought a scroll of acquirement for 676 gold pieces
 18977 | D:8      | Acquired a +1 great mace of protection
 19080 | D:10     | Noticed Maggie
 19086 | D:10     | Killed Maggie
 19316 | D:10     | Noticed Joseph
 19330 | D:10     | Killed Joseph
 21186 | D:11     | Noticed a two-headed ogre
 21254 | D:10     | Killed a two-headed ogre
 21255 | D:10     | Reached skill level 12 in Maces & Flails
 21595 | D:11     | Noticed a boulder beetle
 21640 | D:11     | Killed a boulder beetle
 21640 | D:11     | Reached ***** piety under Lugonu
 21915 | D:11     | Found a staircase to the Orcish Mines.
 22536 | D:11     | Acquired 388 gold pieces
 22666 | Lair:1   | Entered Level 1 of the Lair of Beasts
 23624 | Lair:1   | Reached XP level 13. HP: 90/101 MP: 19/19
 24575 | Lair:2   | Noticed a four-headed hydra
 24599 | Lair:2   | Killed a four-headed hydra
 24600 | Lair:2   | Reached skill level 13 in Maces & Flails
 24738 | Lair:2   | Noticed a four-headed hydra
 24746 | Lair:2   | Killed a four-headed hydra
 25330 | Lair:2   | Noticed Harold
 25345 | Lair:2   | Killed Harold
 25346 | Lair:2   | Reached skill level 10 in Shields
 26057 | Lair:3   | Noticed Rupert
 26087 | Lair:3   | HP: 2/102 [Rupert/+2 battleaxe of flaming (7)]
 26087 | Lair:3   | Slain by Rupert

Illustrated notes

Levels and vault maps discovered:
D:1:      lightli_iron_boxes, layout_basic
D:2:      layout_rooms, serial_shops, shop_fountains, nicolae_shop_crystal,
          nicolae_shop_hallway_plus, nicolae_shop_advertising_works
          [nicolae_subvault_shop_adworks],
          hellmonk_ecumenical_altar_watching_god, uniq_natasha
D:3:      layout_rooms, uniq_sigmund, uniq_ijyb
D:4:      nicolae_cairo_tiling_large, layout_layer_cave, lemuel_doored_altar,
          item_on_display_a
D:5:      layout_layer_cave, serial_glass, glass_columns_b, glass_columns_c,
          minmay_fire_ice_demons
D:6:      layout_cave_pools, serial_gnoll_camp, gnoll_camp_mini_shop,
          gnoll_camp_mini_doghouse, gnoll_camp_mini_shop, gnoll_camp_mini_hut,
          gnoll_camp_mini_loothouse, grums_kennel, minmay_fractal_squares_5,
          uniq_crazy_yiuf_cottage
D:7:      layout_rooms, mainiacjoe_overflow_six_doors_small,
          minmay_temple_entry_enclosed_plants, minmay_guarded_unrand_finisher,
          uniq_pikel, uniq_duvessa
D:8:      cheibrodos_fertilizer, layout_loops_ring, serial_shops,
          nicolae_shop_window_shopping, minmay_starry_boxes
D:9:      minmay_recursive_quarters, layout_layer_cave, erik_lair_dragon,
          uniq_maurice
D:10:     layout_roguey, serial_shops, kennysheep_mini, uniq_maggie, uniq_joseph
D:11:     layout_basic, david_orc_5, grunt_decor_one_mirror
Temple:   regret_index_temple_chain_breaker
Lair:1:   layout_regular_city, pond
Lair:2:   layout_long_grid, chequers_serial_rivers_micro_a, grunt_megastairs_2,
          infiniplex_staircase_pool_2, uniq_harold
Lair:3:   layout_cave_pods, spider_nest_entry_a, uniq_rupert

Skill      XL: |  1  2  3  4  5  6  7  8  9 10 11 12 13 |
---------------+----------------------------------------+-----
Fighting       | 4 5 6 7 8 9 |  9.7
Maces & Flails | 3 4 5 6 8 9 11 12 13 | 13.4
Armour         | 3 4 5 6 8 9 10 11 | 11.6
Invocations    | 3 4 5 6 7 8 9 |  9.3
Shields        | 2 4 6 7 9 10 | 10.0
Dodging        | |  0.8

Action                   |  1- 3 |  4- 6 |  7- 9 | 10-12 | 13-15 || total
-------------------------+-------+-------+-------+-------+-------++-------
Melee: Mace              |    89 |    64 |       |       |       ||   153
       Punch             |       |     1 |       |       |       ||     1
       Morningstar       |       |    11 |   420 |       |       ||   431
       Flail             |       |       |    93 |   350 |       ||   443
       Whip              |       |       |       |   205 |       ||   205
       Great mace        |       |       |       |   291 |   177 ||   468
Throw: Throwing net      |       |       |       |       |     1 ||     1
Invok: Depart the Abyss  |     1 |       |       |       |       ||     1
 Abil: Dig               |       |       |     1 |       |       ||     1
  Use: Potion            |       |     4 |       |     2 |     2 ||     8
       Scroll            |       |       |     9 |     9 |     1 ||    19
Armor: Leather armour    |    23 |       |       |       |       ||    23
       Chain mail        |     2 |    69 |   276 |   334 |    98 ||   779
       Skin              |       |    20 |       |       |       ||    20
       Plate armour      |       |       |       |    38 |       ||    38
Dodge: Dodged            |    55 |    36 |   180 |   218 |    48 ||   537
Block: Kite shield       |       |       |   204 |   284 |       ||   488
       Tower shield      |       |       |       |   152 |   172 ||   324
